[Event "Icelandic Championship 2024"]
[Site "Mosfellsbaer"]
[Date "2024.04.18"]
[Round "3.2"]
[White "Birkisson, Bardur Orn"]
[Black "Kjartansson, Gudmundur"]
[Result "1-0"]
[ECO "C26"]
[WhiteElo "2169"]
[BlackElo "2480"]
[Annotator "TA"]
[PlyCount "139"]
[EventDate "2024.04.16"]
[EventType "tourn"]
[EventCountry "ISL"]
[SourceTitle "playchess.com"]
[Source "ChessBase"]
[SourceQuality "1"]
[TimeControl "40/5400+30:1800+30"]

1. e4 e5 2. Nf3 Nc6 3. Nc3 Nf6 4. g3 Bc5 5. Bg2 d6 6. d3 O-O {[%emt 0:12:55] 6...a5 is setting a new trend.} 7. Na4 {[%emt 0:01:15] was the old line (7.0-0).} a5 {[%emt 0:05:33] C26: Vienna Game: 2...Nf6, sidelines .} 8. Nxc5 dxc5 9. Be3 $146 ({Predecessor:} 9. a4 c4 10. O-O cxd3 11. Qxd3 Qe7 12. Qa3 Qxa3 13. Rxa3 Rd8 14. Re1 Ne8 15. Be3 {½-½ Dahm,W (2079)-Baumann,W (1936) W-ch WS/H/731 email 2019}) 9... b6 10. a4 Qd6 11. b3 Bg4 (11... Ng4 $11) 12. h3 $14 Bxf3 13. Bxf3 Rad8 14. O-O Nd4 15. Bg2 Nd7 16. c3 Nc6 17. Qc2 Rfe8 18. Rad1 Nf8 19. f4 exf4 20. gxf4 f5 21. e5 Qd7 22. d4 cxd4 23. Bxd4 (23. cxd4 $6 Nb4 24. Qc4+ Nd5 $11) 23... Qe6 24. Bxc6 Qxc6 25. Qxf5 Qg6+ 26. Qxg6 hxg6 (26... Nxg6 $16 {might work better.} 27. Be3 Rf8) 27. h4 $18 Kf7 28. c4 (28. Kf2 $1 $16) 28... Ne6 $11 29. Be3 Rh8 30. Rxd8 Rxd8 (30... Nxd8 $14 31. Bf2 (31. Rd1 Ne6 $14) 31... Ke6) 31. Kf2 $1 $18 Rd3 32. Rb1 Rc3 33. Rb2 Nc5 34. Bxc5 bxc5 35. Rd2 Ke6 36. Rd5 Rxb3 (36... Kf5 $142 37. Rxc5 Kxf4) 37. Rxc5 $18 Kf5 $2 (37... Rh3 38. Rc6+ (38. Rxc7 Rxh4 39. Kg3 g5 $16) 38... Kf5) 38. Rxc7 $18 Kxf4 39. e6 (39. Rxg7 Rb2+ 40. Ke1 Rb6 $16) 39... Rf3+ 40. Kg2 Rg3+ 41. Kh2 Re3 42. Rf7+ (42. Rxg7 Rxe6 43. Kg2 Rc6 $11) 42... Ke5 43. e7 ({Worse is} 43. Rxg7 Kf6 44. Rc7 (44. Ra7 Re4 $14) 44... Kxe6 $11) 43... Kd6 44. Rxg7 Kd7 45. Rxg6 Kxe7 46. Rg4 Kf6 47. h5 Kf5 (47... Re2+ $142 48. Kg3 Re5) 48. Rh4 $18 Kg5 49. Rh3 Re2+ 50. Kg3 Kh6 51. Kf3 Rc2 52. Rh4 Rc3+ 53. Ke2 Ra3 54. Kd2 $1 ({Not} 54. c5 Rc3 $14) 54... Rxa4 55. Kc3 Ra3+ 56. Kb2 Ra4 {[%emt 0:01:27] [#]} 57. Kb3 $1 Rb4+ 58. Kc3 Rb1 59. Rh2 a4 60. c5 a3 {[%emt 0:02:13] [#]} 61. Ra2 $1 Kxh5 62. Rxa3 Kg6 63. Kd4 Kf6 64. Re3 Rd1+ 65. Kc4 Rd7 66. c6 Re7 67. Rxe7 Kxe7 68. Kc5 Ke8 69. Kb6 Kd8 70. Kb7 1-0

[Event "Icelandic Championship 2024"]
[Site "Mosfellsbaer"]
[Date "2024.04.18"]
[Round "3.3"]
[White "Ptacnikova, Lenka"]
[Black "Domalchuk-Jonasson, Aleksandr"]
[Result "0-1"]
[ECO "A25"]
[WhiteElo "2127"]
[BlackElo "2368"]
[Annotator "TA"]
[PlyCount "58"]
[EventDate "2024.04.16"]
[EventType "tourn"]
[EventCountry "ISL"]
[SourceTitle "playchess.com"]
[Source "ChessBase"]
[SourceQuality "1"]
[TimeControl "40/5400+30:1800+30"]

1. c4 e5 2. g3 Nc6 3. Bg2 f5 4. Nc3 Nf6 5. d3 Bb4 6. Bd2 O-O 7. a3 Bxc3 8. Bxc3 d6 9. Nf3 Qe8 10. Qc2 Bd7 11. O-O-O (11. b4 $11) 11... a5 {[%emt 0:02:13] Black is better.} 12. e3 a4 (12... Rb8 $17) 13. d4 (13. Nd2 $11) 13... e4 $15 14. Nd2 b5 15. cxb5 (15. f3 $15) 15... Ne7 $36 {[%emt 0:00:44][%mdl 2048] Black is on the roll.} ({Much less strong is} 15... Na7 16. d5 $15) 16. b6 cxb6 17. Nc4 $2 {[%emt 0:00:38] [#] This costs White the game.} (17. f3 $17 {was necessary.}) 17... Ned5 $19 18. Kb1 Qe6 {[%emt 0:13:49] ...Rfc8 is the strong threat.} 19. Rc1 {[%emt 0:06:07] White is weak on the light squares} Rfc8 20. Nd2 Ng4 21. Nxe4 fxe4 22. Bxe4 Ngf6 {[%emt 0:02:18] Black is clearly winning.} 23. Bd3 Nxc3+ 24. bxc3 Bc6 25. Rhd1 Bf3 26. Re1 Be4 27. Bxe4 Nxe4 28. Qb2 Qc4 29. Ka1 Ra5 {[%emt 0:01:15] Weighted Error Value: White=0.38/Black=0.15 (very precise) .  Loses game:     	White=1     	---        Mistake:       	White=3     	Black=1      OK:         	White=5     	Black=11     Best:        	White=1     	Black=1} 0-1

[Event "Icelandic Championship 2024"]
[Site "Mosfellsbaer"]
[Date "2024.04.18"]
[Round "3.4"]
[White "Ragnarsson, Dagur"]
[Black "Gretarsson, Helgi Ass"]
[Result "1/2-1/2"]
[ECO "A15"]
[WhiteElo "2333"]
[BlackElo "2468"]
[Annotator "TA"]
[PlyCount "61"]
[EventDate "2024.04.16"]
[EventType "tourn"]
[EventCountry "ISL"]
[SourceTitle "playchess.com"]
[Source "ChessBase"]
[SourceQuality "1"]
[TimeControl "40/5400+30:1800+30"]

1. Nf3 Nf6 2. g3 b6 3. Bg2 Bb7 4. O-O g6 5. c4 Bg7 6. Nc3 O-O 7. Re1 Ne4 8. Nxe4 Bxe4 9. d3 Bb7 10. e4 c5 11. d4 cxd4 12. Nxd4 Qc8 13. b3 Nc6 14. Bb2 d6 15. Re2 Nxd4 16. Bxd4 Bxd4 17. Qxd4 Qc5 18. Qxc5 dxc5 {[%emt 0:00:01] The position is equal.} 19. Rd1 Rad8 {[%emt 0:02:33] Prevents Rd7.} 20. Red2 Rxd2 21. Rxd2 $11 {[%emt 0:00:04][%mdl 4096] Endgame. KRB-KRB} Bc8 {[%emt 0:00:07] Wards off Rd7} 22. h4 Be6 23. f4 Kg7 24. Kf2 Rc8 25. Ke3 Rc7 26. Bf3 Rd7 27. Rxd7 Bxd7 28. g4 h6 29. g5 hxg5 30. hxg5 Kf8 31. e5 {[%emt 0:01:36] An uneventful encounter.   Weighted Error Value: White=0.04 (flawless) /Black=0.02 (flawless) .  OK:         	White=8     	Black=16} 1/2-1/2

[Event "Icelandic Championship 2024"]
[Site "Mosfellsbaer"]
[Date "2024.04.18"]
[Round "3.5"]
[White "Gretarsson, Hjorvar Steinn"]
[Black "Stefansson, Hannes"]
[Result "1/2-1/2"]
[ECO "D02"]
[WhiteElo "2518"]
[BlackElo "2493"]
[Annotator "TA"]
[PlyCount "46"]
[EventDate "2024.04.16"]
[EventType "tourn"]
[EventCountry "ISL"]
[SourceTitle "playchess.com"]
[Source "ChessBase"]
[SourceQuality "1"]
[TimeControl "40/5400+30:1800+30"]

1. Nf3 d5 2. d4 Nf6 3. Bf4 e6 4. e3 Bd6 5. Bd3 Bxf4 6. exf4 b6 7. Qe2 O-O 8. Nbd2 c5 {[%emt 0:02:05] [#] And now ...c4 would win.} 9. c3 a5 10. h4 Ba6 11. Bxa6 Nxa6 12. h5 Qc7 13. Qe5 Qxe5+ 14. dxe5 Nd7 15. O-O-O (15. h6 $11) 15... b5 $15 16. Kc2 $1 b4 17. Nc4 Nc7 18. f5 bxc3 (18... exf5 19. Ne3 Nb6 20. Nxf5) ({Black should play} 18... Rab8 $17) 19. bxc3 $11 Rab8 ({Of course not} 19... exf5 20. Ne3 $14) 20. Nd6 Ne8 21. Nc4 Nc7 22. Nd6 Ne8 23. Nc4 Nc7 {[%emt 0:00:02] Weighted Error Value: White=0.14 (very precise) /Black=0.16 (very precise) .  Mistake:       	White=1     	Black=1      Inaccurate:     	White=2     	Black=3      OK:         	White=5     	Black=5      Strong:       	White=1     	---} 1/2-1/2

[Event "Icelandic Championship 2024"]
[Site "Mosfellsbaer"]
[Date "2024.04.18"]
[Round "3.6"]
[White "Prudnykova, Olga"]
[Black "Heimisson, Hilmir Freyr"]
[Result "1/2-1/2"]
[ECO "A01"]
[WhiteElo "2263"]
[BlackElo "2361"]
[Annotator "TA"]
[PlyCount "143"]
[EventDate "2024.04.16"]
[EventType "tourn"]
[EventCountry "ISL"]
[SourceTitle "playchess.com"]
[Source "ChessBase"]
[SourceQuality "1"]
[TimeControl "40/5400+30:1800+30"]

1. b3 e5 2. Bb2 Nc6 3. c4 Nf6 4. e3 Be7 5. Nf3 e4 6. Nd4 Nxd4 7. Bxd4 b6 8. g3 Bb7 9. Bg2 h5 (9... d5 $11) 10. h3 (10. Nc3 $14) 10... c5 11. Bb2 d5 12. cxd5 (12. d3 $11) 12... Qxd5 $15 13. Nc3 Qf5 14. Qe2 O-O 15. g4 Qg6 16. O-O-O Rad8 (16... hxg4 17. hxg4 Nh7 18. Rh5 $16) (16... Rac8 $15) 17. f3 $11 exf3 18. Bxf3 Bxf3 19. Qxf3 h4 20. g5 Nh5 $15 (20... Qxg5 21. Rhg1 Qh5 22. Qf4 $11) 21. Ne4 {[%emt 0:01:27] Dodges Ng3} Bd6 (21... Bxg5 $6 22. Rhg1 f6 23. Rg4 $14) 22. Rhg1 ({Better is} 22. Nxd6 $1 $15 Rxd6 23. Rhg1) 22... Bg3 (22... Ng3 $17 23. Nxg3 Bxg3 24. Rxg3 hxg3 25. Qxg3 Rde8) 23. d3 Rfe8 24. Qg4 (24. Kc2 $15) 24... Rd5 (24... b5 $1 $17 {[%cal Oc5c4] aiming for ...c4!} 25. Qf3 c4 26. bxc4 bxc4 27. Nxg3 Nxg3 (27... hxg3 $2 28. dxc4 Rc8 29. Rd4 $19) 28. dxc4 Rd3 (28... Qxg5 29. Rxd8 Rxd8 30. Rd1 $17) (28... Qa6 29. Kb1 $17)) 25. Rg2 Re6 ({Black should play} 25... Red8 $17 26. Rgd2 Kh7) 26. Rc2 $11 Kh7 27. Re2 Re8 28. Red2 a5 29. Rf1 {[%emt 0:00:12] [#]} (29. a4 $11) 29... a4 $1 30. Qf3 Rd7 31. Qf5 (31. bxa4 $2 c4 32. Rfd1 cxd3 $19) (31. Kc2 $142) 31... Qxf5 $17 32. Rxf5 Kg6 (32... axb3 {simplifies} 33. axb3 Bc7 34. Kc2 Ng3) 33. Rf3 Bb8 (33... axb3 $17 34. axb3 Bb8) 34. Kc2 (34. bxa4 $15 Red8 35. a5) 34... axb3+ 35. axb3 Ng3 $36 {[%emt 0:00:46][%mdl 2048] Black is in control.} 36. Nxg3 (36. Nc3 $17) 36... hxg3 $19 (36... Bxg3 37. e4 $17) 37. h4 (37. Rg2 $142) 37... Rh8 38. e4 Rxh4 39. e5 Rg4 (39... Kxg5 40. Rxg3+ Rg4 41. e6 fxe6 42. Rxg4+ Kxg4 43. Rg2+ Kf3 (43... Bg3 $2 44. Be5 $18) 44. Rg6 $15) 40. Rg2 Rd5 (40... Kxg5 41. Rfxg3 f5 42. Bc1+ (42. Rxg4+ fxg4 43. Bc1+ Kf5 $17) 42... Kh5 43. e6 $17) 41. Re3 Kf5 (41... Kxg5 42. Rgxg3 Rd8 43. Rxg4+ Kxg4 44. e6 $11) (41... Rxg5 42. Rexg3 f6 43. Rxg5+ fxg5 44. Re2 $17) 42. Rf3+ Ke6 ({Don't do} 42... Kxg5 43. Rfxg3 f5 44. Rxg4+ fxg4 45. e6) 43. Rfxg3 Rxg3 44. Rxg3 Bxe5 45. Bxe5 (45. Re3 $142) 45... Rxe5 {[%emt 0:00:32][%mdl 4096] Endgame. KR-KR} 46. Kc3 Kf5 47. Kc4 $2 (47. b4 {was worth a try.}) 47... Kf4 48. Rg1 Rxg5 49. Rf1+ Ke3 50. Rxf7 Rg4+ 51. Kc3 Rg5 $2 (51... g5 $19 52. Rf5 Rg1) 52. Kc4 $17 {[%emt 0:01:00] [#]} Rg4+ $2 (52... Kd2 $1 $17 53. Rf4 Rg3) 53. Kc3 $1 $19 g5 54. Rf5 Ke2 55. Kc2 Ke1 $2 ({Black should try} 55... Rg2 $19 {Hoping for ...g4.} 56. Re5+ Kf3+ 57. Kc3 g4 58. Rf5+ Kg3) 56. Kc3 $2 (56. d4 $11) 56... Kd1 57. Re5 {[%emt 0:02:46] [#]} Rg2 (57... b5 $142 $1 {[%cal Rb5b4] And now ...b4+ would win.} 58. b4 cxb4+ 59. Kb3 Kd2) 58. Kc4 (58. b4) 58... g4 $2 (58... Kd2 $19 59. Kb5 Kxd3 (59... g4 60. Kxb6 Kxd3 61. Rxc5 $11) 60. Kxb6 c4 61. bxc4 Kxc4 62. Rc5+ Kd4) 59. Re6 $11 {[%emt 0:00:43] The position is equal.} Rc2+ 60. Kd5 $1 Kd2 61. Rxb6 Ke3 (61... Kxd3 $5 62. Rg6 $8 Rg2 $11) 62. Rg6 Kf3 63. d4 cxd4 64. Kxd4 g3 65. b4 Rb2 66. Kc5 g2 67. b5 Rc2+ 68. Kd6 Rc4 {[%emt 0:01:55] ( -> ...Rg4)} 69. Rxg2 $1 Kxg2 70. b6 Rb4 71. Kc7 Rxb6 72. Kxb6 {[%emt 0:00:03] And White is the lucky defender.   Weighted Error Value: White=0.45/Black=0.48.  Loses game:     	White=1     	---        Missed win:     	---       	Black=3      Mistake:       	White=13    	Black=8      Inaccurate:     	White=2     	Black=3      OK:         	White=26    	Black=17     Best:        	White=5     	Black=5      Strong:       	White=3     	---} 1/2-1/2

[Event "Icelandic Championship 2024"]
[Site "Mosfellsbaer"]
[Date "2024.04.19"]
[Round "4.1"]
[White "Steingrimsson, Hedinn"]
[Black "Heimisson, Hilmir Freyr"]
[Result "0-1"]
[ECO "D10"]
[WhiteElo "2502"]
[BlackElo "2361"]
[Annotator "TA"]
[PlyCount "78"]
[EventDate "2024.04.16"]
[EventType "tourn"]
[EventCountry "ISL"]
[SourceTitle "playchess.com"]
[Source "ChessBase"]
[SourceQuality "1"]
[TimeControl "40/5400+30:1800+30"]

1. d4 d5 2. c4 c6 3. Nc3 Nf6 4. e3 Bf5 5. cxd5 cxd5 6. Qb3 Nc6 7. Qxb7 Bd7 {[%emt 0:00:06] Threatens to win with ...Rb8.} 8. Qb3 Rb8 {[%emt 0:00:07] White has an edge.} 9. Qd1 e5 10. Nge2 e4 11. a3 Bd6 12. b4 h5 13. Bd2 h4 (13... Kf8 $14) 14. h3 $16 Rh5 15. Nf4 (15. Nc1 $16) 15... Rg5 ({Much worse is} 15... Bxf4 16. exf4 Nxd4 17. Be3 $16) 16. Rc1 Ne7 17. Na4 (17. Nfe2 $14) 17... Kf8 18. Nc5 Kg8 (18... Bxf4 $1 $11 19. exf4 Rg6) 19. Qc2 (19. Ne2 $16) 19... Ng6 (19... Bxf4 $1 $11 20. exf4 Rg6) 20. Nxd7 (20. Nxg6 $16 Rxg6 21. a4) 20... Nxd7 $14 21. Qc6 (21. Ne2 $16) 21... Nb6 $1 $11 22. Nxg6 (22. Be2 $11) 22... Rxg6 $17 23. Qc2 Qd7 24. Qd1 {[%emt 0:02:02] [#]} Qf5 $1 {[%emt 0:00:44] Dodges Qh5. Black is more active.} 25. f4 exf3 (25... Rg3 $17 26. Rc6 Qg6) 26. Qxf3 $15 Bg3+ 27. Kd1 {[%emt 0:00:20] [#]} Qd7 $40 {[%emt 0:01:53][%mdl 1152] Black has strong compensation. Black wants a kill.} 28. Bd3 Rf6 (28... Qa4+ $5 29. Bc2 Qxa3 $17) 29. Qh5 g6 30. Qg5 Kg7 {[%emt 0:00:49] ...Qa4+ is the strong threat.} 31. Rf1 $2 ({White must play} 31. Be1 $15) 31... Rxf1+ $19 32. Bxf1 Qa4+ 33. Ke2 (33. Rc2 $142 Qxa3 34. Bb5) 33... Qxa3 34. Kf3 Qb2 35. Rd1 Qc2 36. Ke2 Qc4+ (36... Nc4 $142 37. Qe5+ Bxe5 38. dxe5 Rxb4 39. Kf2 Nxd2 40. Be2 Ne4+ 41. Kg1 Qxe2 42. Rf1 Rb2 (42... Qxe3+ {is a self mate.} 43. Kh2 Nf2 44. Kg1 Rb2 45. e6 Qg3 46. exf7 Nxh3+ 47. Kh1 Qxg2#) 43. Rxf7+ Kxf7 44. e6+ Kg7 45. Kh2 Qxg2#) 37. Kf3 Qc2 (37... Qb3 $19 38. Rc1 Qb2) 38. Ke2 Nc4 39. Qe7 Rb6 {[%emt 0:01:20] Weighted Error Value: White=0.86/Black=0.63.  Loses game:     	White=1     	---        Mistake:       	White=7     	Black=4      Inaccurate:     	White=2     	Black=5      OK:         	White=6     	Black=5      Best:        	White=5     	Black=3      Strong:       	---       	Black=2} 0-1

[Event "Icelandic Championship 2024"]
[Site "Mosfellsbaer"]
[Date "2024.04.19"]
[Round "4.2"]
[White "Stefansson, Hannes"]
[Black "Prudnykova, Olga"]
[Result "1-0"]
[ECO "B94"]
[WhiteElo "2493"]
[BlackElo "2263"]
[Annotator "TA"]
[PlyCount "87"]
[EventDate "2024.04.16"]
[EventType "tourn"]
[EventCountry "ISL"]
[SourceTitle "playchess.com"]
[Source "ChessBase"]
[SourceQuality "1"]
[TimeControl "40/5400+30:1800+30"]

1. e4 c5 2. Nf3 d6 3. d4 cxd4 4. Nxd4 Nf6 5. Nc3 e5 6. Nf3 Be7 7. Bc4 O-O 8. O-O a6 9. Bg5 Nbd7 10. a4 h6 11. Bh4 b6 (11... g5 $11) 12. Qe2 $16 {[%emt 0:02:49] White is much more active. The black rooks are passive. White is better.} Bb7 13. Rfd1 Qc7 14. Nd2 g5 15. Bg3 Nc5 $1 16. f3 Ne6 17. Kh1 Nd4 (17... Nf4 $14 18. Bxf4 exf4) 18. Qd3 Nd7 19. Rdc1 Nc5 20. Qf1 b5 21. axb5 axb5 {[%emt 0:00:05] aiming for ...Rxa1.} 22. Nxb5 (22. Rxa8 {simplifies} Rxa8 23. Nxb5 Nxb5 24. Bxb5 Ne6 25. c3) 22... Nxb5 23. Bxb5 g4 24. Rxa8 (24. fxg4 Bg5 25. Qe2 Bxd2 26. Qxd2 Kg7) 24... Bxa8 25. b4 (25. fxg4 $6 Bg5 26. Rd1 Bxd2 27. Rxd2 Nxe4 $14) 25... Ne6 26. Bc4 ({But not} 26. fxg4 $6 Qc3 27. Qd3 Qxb4 $14) 26... Bg5 {[%emt 0:00:50] [#]} 27. Rd1 Rc8 28. Bb3 Nd4 29. f4 ({Stronger than} 29. fxg4 Nxb3 30. cxb3 Bxd2 31. Rxd2 Bxe4 $11) 29... exf4 30. Bxf4 Nxb3 31. cxb3 {[%emt 0:00:56] Black must now prevent Bxg5.} Qc2 32. Bxg5 hxg5 33. Qe2 Rc3 {[%emt 0:04:53] A mistake that costs the game.} (33... Bxe4 34. Qxg4 Bg6 35. Rf1) (33... Re8 $16 34. Qxg4 f6) 34. Qxg4 $18 Rd3 $2 (34... Kf8 35. Qh5 Rc7) 35. Qxg5+ Kf8 36. Rf1 {[%emt 0:03:51] White wants to mate with Qd8+.} Bc6 37. Qh6+ Kg8 {[%emt 0:00:25] [#]} 38. Qf6 $1 Be8 39. Qe7 Qc6 40. Nc4 Rd4 41. Qg5+ Kf8 42. Ne3 Qb5 {[%emt 0:00:00] Wards off Nf5} 43. Qh6+ Kg8 44. Rf3 {[%emt 0:00:00] Weighted Error Value: White=0.06 (flawless) /Black=0.16 (very precise) .  Mistake:       	---       	Black=4      Inaccurate:     	White=1     	---        OK:         	White=15    	Black=10     Best:        	White=3     	Black=2      Strong:       	---       	Black=1} 1-0

[Event "Icelandic Championship 2024"]
[Site "Mosfellsbaer"]
[Date "2024.04.19"]
[Round "4.3"]
[White "Gretarsson, Helgi Ass"]
[Black "Gretarsson, Hjorvar Steinn"]
[Result "1-0"]
[ECO "D36"]
[WhiteElo "2468"]
[BlackElo "2518"]
[Annotator "TA"]
[PlyCount "73"]
[EventDate "2024.04.16"]
[EventType "tourn"]
[EventCountry "ISL"]
[SourceTitle "playchess.com"]
[Source "ChessBase"]
[SourceQuality "1"]
[TimeControl "40/5400+30:1800+30"]

1. d4 e6 2. c4 Nf6 3. Nf3 d5 4. Nc3 Nbd7 5. cxd5 exd5 6. Bg5 h6 7. Bh4 c6 8. e3 Be7 9. Bd3 O-O 10. Qc2 Re8 11. O-O Ne4 12. Bxe4 Bxh4 13. Bh7+ Kh8 14. Bf5 Be7 15. Rab1 Nf6 16. b4 {[%emt 0:24:49] The position is equal.} Bd6 17. Rfc1 a6 18. a4 Qe7 19. Bxc8 Raxc8 20. Qb3 Qe6 21. Rc2 g5 22. Rbc1 g4 23. Ne1 {[%emt 0:02:07] [#]} g3 $1 24. hxg3 $11 (24. fxg3 $2 {perishes.} Qxe3+ 25. Kf1 Bxg3 $19 (25... Qxd4 $2 26. Ne2 $19)) 24... Bxg3 25. Nd3 {[%emt 0:13:06] [#]} (25. Nb1 $11 Bd6 26. Nd2) 25... Ng4 $1 $17 26. Ne2 Bh2+ 27. Kf1 Qf6 28. Ndf4 Bxf4 29. Nxf4 Qh4 30. g3 Qh2 {[%emt 0:00:37] aiming for ...Re4.} 31. Qd3 (31. Re1 $17 {was necessary.}) 31... Rcd8 $2 ({Better is} 31... Rc7 $1 $19 {Strongly threatening ...Rce7.} 32. Re1 Rce7) 32. Ke1 (32. Re1 $5) 32... Re4 {[%emt 0:00:31] Threatens to win with ...Rde8.} 33. Qe2 h5 {[%emt 0:00:20][%mdl 8192] [#]} (33... Qg1+ $11 {and Black stays safe.} 34. Kd2 Qxf2 35. Qxf2 Nxf2) 34. Qf3 $1 $18 Rde8 {[%emt 0:00:39] [#]} (34... Ree8 $142 35. Kd1 (35. Qg2 Qxg2 36. Nxg2 Rd6 $16) 35... Rd6) 35. Re2 $1 {[%emt 0:00:09] Kd2 would now be deadly. White is clearly winning.} ({Not} 35. Qg2 Qxg2 36. Nxg2 Rxd4 $15) 35... Kg8 (35... Rxf4 $142 36. Qxf4 (36. exf4 Qg1+ 37. Kd2 Rxe2+ 38. Qxe2 Qxf2 $18) 36... Kg7) 36. Kd2 {[%emt 0:00:15] Black must now prevent Rh1.} Nf6 37. Rh1 {[%emt 0:00:15] Weighted Error Value: White=0.14 (very precise) /Black=0.61.  Loses game:     	---       	Black=1      Missed win:     	---       	Black=1      Mistake:       	White=2     	Black=3      Inaccurate:     	---       	Black=1      OK:         	White=4     	Black=6      Best:        	White=3     	Black=1      Strong:       	White=2     	Black=1} 1-0

[Event "Icelandic Championship 2024"]
[Site "Mosfellsbaer"]
[Date "2024.04.19"]
[Round "4.4"]
[White "Domalchuk-Jonasson, Aleksandr"]
[Black "Ragnarsson, Dagur"]
[Result "1/2-1/2"]
[ECO "A28"]
[WhiteElo "2368"]
[BlackElo "2333"]
[Annotator "TA"]
[PlyCount "119"]
[EventDate "2024.04.16"]
[EventType "tourn"]
[EventCountry "ISL"]
[SourceTitle "playchess.com"]
[Source "ChessBase"]
[SourceQuality "1"]
[TimeControl "40/5400+30:1800+30"]

1. c4 Nf6 2. Nc3 e5 3. Nf3 Nc6 4. e3 Bb4 5. Qc2 Bxc3 6. bxc3 O-O 7. e4 d6 8. g3 h6 9. Bg2 {[%emt 0:02:03] The position is equal.} Nh7 10. Nh4 Be6 11. d3 Ne7 12. Rb1 b6 13. O-O g5 {[%emt 0:00:20] [#]} 14. Nf5 Nxf5 $11 15. exf5 Bxf5 16. f4 exf4 17. gxf4 {[%emt 0:00:04] [#]} g4 18. Bxa8 Qxa8 19. Be3 Re8 {[%emt 0:04:55][%mdl 1024] Black has compensation.} 20. Rbe1 {[%emt 0:02:34] White is weak on the light squares} Nf8 21. Qd2 Ng6 22. Bf2 {[%emt 0:00:23] Repels Nh4} Re6 {[%emt 0:00:31][%cal Of5d3] White should prevent ...Bxd3!} 23. d4 $1 Qf3 24. Bg3 Rxe1 25. Rxe1 Be4 {[%emt 0:14:10] ( -> ...Qh1+)} 26. Qe2 Qxe2 (26... Nxf4 $2 {is the wrong capture.} 27. Bxf4 (27. Qxe4 $2 Nh3#) 27... Qxf4 28. Qxe4 $18) ({But not} 26... Qh1+ 27. Kf2 Qg2+ 28. Ke3 Qxe2+ 29. Rxe2 $16) 27. Rxe2 {[%emt 0:00:03][%mdl 4096] Endgame. KRB-KBN} f5 {[%emt 0:00:05] [#]} 28. h3 $1 gxh3 29. Kh2 Kf7 30. c5 b5 31. Kxh3 Ke6 32. cxd6 cxd6 {[%emt 0:00:09] [#]} 33. a4 $1 a6 ({Of course not} 33... bxa4 34. c4 $16) 34. axb5 axb5 35. Rb2 Bc6 36. Ra2 Be4 37. Rb2 Bc6 38. Ra2 Be4 39. Ra5 Bd3 40. Kg2 (40. Ra7 $16) 40... h5 41. Kf3 h4 42. Bh2 Ne7 43. Ke3 Bc4 44. Ra7 Nd5+ 45. Kd2 Nf6 {[%emt 0:00:27] Dodges Rh7} 46. Bg1 h3 47. Ke1 Bd5 48. Rg7 Bg2 49. Rg6 Kf7 50. Rg5 Ke6 51. Rg6 Bf3 52. Kf2 Bh5 53. Rh6 Kf7 {[%emt 0:01:10] Hoping for ...Ng4+.} 54. Kg3 Bg4 55. Rxf6+ Kxf6 56. d5 Ke7 {[%emt 0:00:17] Black is slightly better.} 57. Bb6 Kd7 58. Ba5 Bh5 59. Kxh3 Bf7 60. Kg3 {[%emt 0:00:03] Weighted Error Value: White=0.08 (flawless) /Black=0.05 (flawless) .  Mistake:       	White=2     	---        Inaccurate:     	White=2     	Black=3      OK:         	White=25    	Black=27     Best:        	White=2     	Black=2      Strong:       	White=1     	---} 1/2-1/2

[Event "Icelandic Championship 2024"]
[Site "Mosfellsbaer"]
[Date "2024.04.19"]
[Round "4.5"]
[White "Kjartansson, Gudmundur"]
[Black "Ptacnikova, Lenka"]
[Result "1/2-1/2"]
[ECO "C54"]
[WhiteElo "2480"]
[BlackElo "2127"]
[Annotator "TA"]
[PlyCount "72"]
[EventDate "2024.04.16"]
[EventType "tourn"]
[EventCountry "ISL"]
[SourceTitle "playchess.com"]
[Source "ChessBase"]
[SourceQuality "1"]
[TimeControl "40/5400+30:1800+30"]

1. e4 e5 2. Nf3 Nc6 3. Bc4 Nf6 4. d3 Bc5 5. c3 d6 6. Nbd2 a5 7. a4 Ba7 8. Nf1 Be6 {[%emt 0:05:19] The position is equal.} 9. Bxe6 fxe6 10. Ng3 O-O 11. O-O h6 12. Re1 Qe8 13. Be3 Bxe3 14. Rxe3 Rf7 15. d4 exd4 16. cxd4 e5 17. d5 Nb4 18. Nh4 Kh7 19. Rc1 Na6 20. b3 Nc5 21. Qe2 {[%emt 0:11:25] [#]} b5 $1 22. axb5 Rb8 23. Nf3 Qxb5 24. Qxb5 Rxb5 25. Nd2 Ng4 26. Rf3 (26. Re2 $1 $11) 26... Rxf3 $19 27. gxf3 {[%emt 0:00:04] [#]} Nxf2 28. Kf1 (28. Kxf2 $2 Nd3+ (28... Nxb3 $2 29. Nxb3 Rxb3 30. Rxc7 $18) 29. Ke3 Nxc1 $19) (28. Rb1 Nh3+) 28... Nfd3 (28... Nxb3 $2 {is the wrong capture.} 29. Nxb3 (29. Rxc7 Nxd2+ 30. Kxf2 a4 $11) 29... Nd3 30. Rc3 $18) 29. Rc3 Nf4 30. Nf5 Kg6 31. Ne7+ Kf6 32. Nc6 Ng6 33. Na7 {[%emt 0:05:31] [#]} (33. Ke2 $17 {was necessary.}) 33... Rb7 $1 34. Nc6 Rb5 (34... a4 $19 35. bxa4 Rb2 (35... Nxa4 36. Ra3 $17)) 35. Na7 $17 Rb7 (35... Rb6 $17 36. Nc6 Rb5) 36. Nc6 $19 {[%emt 0:00:05] [#]} Rb5 $2 {[%emt 0:01:39] Weighted Error Value: White=0.16 (very precise) /Black=0.18 (very precise) .  Loses game:     	White=1     	---        Missed win:     	---       	Black=1      Mistake:       	White=1     	Black=2      Inaccurate:     	---       	Black=1      OK:         	White=8     	Black=11     Best:        	White=2     	Black=1      Strong:       	---       	Black=1      Brilliant:      	---       	Black=1} (36... a4 $1 $19 37. bxa4 Rb2 (37... Nxa4 38. Ra3 $17)) 1/2-1/2